 Dungeon Crawl Stone Soup version 0.27.1-15-g792fb953b9 (webtiles) character file.

Game seed: 10332780328965924814

194 croobank the Ruffian (level 5, -4/38 HPs)
             Began as a Barachi Transmuter on Nov 18, 2021.
             Was a Believer of Makhleb.
             Slain by Sigmund (8 damage)
             ... on level 3 of the Dungeon.
             The game lasted 00:21:40 (3689 turns).

croobank the Ruffian (Barachi Transmuter)           Turns: 3689, Time: 00:21:43

Health: -4/38      AC:  6    Str: 11    XL:     5   Next: 73%
Magic:  8/9        EV: 12    Int: 11    God:    Makhleb [**....]
Gold:   82         SH:  0    Dex: 12    Spells: 4/10 levels left

rFire    . . .     SeeInvis .   e - +0 dagger (venom)
rCold    . . .     Faith    .   (no shield)
rNeg     + . .     Spirit   .   b - +0 leather armour
rPois    .         Reflect  .   m - +0 helmet
rElec    .         Harm     .   (no cloak)
rCorr    .         Rampage  .   (no gloves)
Will     .....                  (no boots)
Stlth    +.........             (no amulet)
HPRegen  0.12/turn              i - ring of positive energy
MPRegen  0.11/turn              (no ring)

@: wereblooded, unable to hop, attractive, slow
A: amphibious, slowness 1, strong legs 1, +LOS, iridescent scales 1, dopey 1,
weak 1
a: Hop, Renounce Religion, Minor Destruction


You were on level 3 of the Dungeon.
You worshipped Makhleb.
Makhleb was pleased with you.
You visited 1 branch of the dungeon, and saw 3 of its levels.

You collected 82 gold pieces.

Inventory:

Hand Weapons
 e - a +0 dagger of venom (weapon)
 f - a +0 short sword
Missiles
 d - 28 stones
 k - 3 javelins (quivered)
Armour
 a - a +0 robe
 b - a +0 leather armour (worn)
 g - a +0 plate armour
 h - a +0 scale mail
 m - a +0 helmet (worn)
Magical Staves
 l - a staff of air
Jewellery
 i - a ring of positive energy (left hand)
Scrolls
 c - 2 scrolls of teleportation


   Skills:
 + Level 1.6 Fighting
 + Level 1.5 Short Blades
 + Level 0.3 Throwing
 + Level 2.4 Armour
 + Level 2.8 Dodging
 + Level 0.4 Stealth
 + Level 4.0 Unarmed Combat
 + Level 3.3 Spellcasting
 + Level 3.2 Transmutations


You had 4 spell levels left.
You knew the following spells:

 Your Spells              Type           Power      Damage    Failure   Level
a - Beastly Appendage     Tmut           16%        N/A       9%          1
b - Wereblood             Tmut           8%         N/A       14%         2
c - Spider Form           Tmut/Pois      2%         N/A       45%         3

Your spell library contained the following spells:

 Spells                   Type           Power      Damage    Failure   Level
 Ice Form                 Ice/Tmut       5%         N/A       86%         4


Dungeon Overview and Level Annotations

Branches:
Dungeon (3/15)

Altars:
Makhleb

Shops:
D:1 (

Annotations:
D:3 Sigmund


Innate Abilities, Weirdness & Mutations

You are amphibious.
You cover ground slowly.
You can hop short distances.
You have an extended range of vision and can be seen from far away.
You are partially covered in iridescent scales. (AC +2)
You are dopey. (Int -2)
You are weak. (Str -2)


Message History

* * * LOW HITPOINT WARNING * * *
You hit the orc but do no damage.
The orc is poisoned.
The orc closely misses you. The orc hits you but does no damage.
You hit the orc.
The orc is heavily wounded.
The orc hits you but does no damage.
The orc priest casts a cantrip, but nothing happens.
The orc misses you.
You hit the orc but do no damage.
The orc looks even sicker.
The orc is heavily wounded.
You feel a bit better.
You kill the orc!
Makhleb accepts your kill.
You feel better. The orc barely misses you.
You hit the orc.
The orc looks as sick as possible!
The orc is moderately wounded.
You howl as the wereblood boils in your veins!
The orc barely misses you.
You hit the orc.
The orc looks as sick as possible!
The orc is almost dead.
You howl as the wereblood boils in your veins!
You feel a bit better.
You kill the orc!
Makhleb accepts your kill. Something is pulled toward you!
You hit the orc priest.
The orc priest is heavily wounded.
Something hits you.
* * * LOW HITPOINT WARNING * * *
The orc priest barely misses you.
You hit the orc priest.
The orc priest is poisoned.
The orc priest is severely wounded.
You hit the orc priest.
The orc priest looks as sick as possible!
The orc priest is almost dead.
You feel a bit better.
You kill the orc priest!
Makhleb accepts your kill. Something hits you!
You die...

.###.####..#### #.#.......#
...........##########.#.#######
.###.####...†.........#.#
###############.# #.. #.# #.#
#.# #.# #†# #)# #(# #@#.# #.#
#)# .. #.# #{####.###.#
#.......)..# ######.##### .. ##


There were no monsters in sight!

Vanquished Creatures
  An orc priest (D:3)
  Natasha (thrice) (D:3)
  5 adders
  2 worms (D:2)
  A dart slug (D:3)
  4 orcs (D:3)
  4 ball pythons
  9 bats
  6 endoplasms
  3 giant cockroaches
  A goblin (D:3)
  7 hobgoblins
  9 kobolds
  4 quokkas
  2 frilled lizards
  3 rats
64 creatures vanquished.

Notes
Turn   | Place    | Note
-------+----------+-------------------------------------------
     0 | D:1      | croobank the Barachi Transmuter began the quest for the
                  | Orb.
     0 | D:1      | Reached XP level 1. HP: 15/15 MP: 3/3
   278 | D:1      | Reached XP level 2. HP: 9/21 MP: 3/5
   468 | D:1      | Found Aghuocs's Weapon Shop.
  1103 | D:1      | Reached XP level 3. HP: 24/26 MP: 4/6
  1200 | D:1      | Reached skill level 4 in Unarmed Combat
  2042 | D:2      | Found a faded altar of an unknown god.
  2057 | D:2      | Became a worshipper of Makhleb the Destroyer
  2057 | D:2      | Reached * piety under Makhleb
  2355 | D:2      | Reached XP level 4. HP: 31/32 MP: 8/8
  2626 | D:2      | Reached skill level 1 in Armour
  2689 | D:2      | Learned a level 2 spell: Wereblood
  2693 | D:2      | Learned a level 3 spell: Spider Form
  2976 | D:3      | Noticed Natasha
  2983 | D:3      | Killed Natasha
  3066 | D:3      | Reached skill level 1 in Short Blades
  3158 | D:3      | Noticed Natasha
  3165 | D:3      | Killed Natasha
  3166 | D:3      | Reached XP level 5. HP: 30/37 MP: 7/9
  3342 | D:3      | Noticed Natasha
  3352 | D:3      | Killed Natasha
  3565 | D:3      | Reached ** piety under Makhleb
  3663 | D:3      | Noticed Sigmund
  3675 | D:3      | Gained mutation: You are dopey. (Int -2) [potion of
                  | mutation]
  3675 | D:3      | Gained mutation: You are weak. (Str -2) [potion of
                  | mutation]
  3675 | D:3      | Gained mutation: You are partially covered in iridescent
                  | scales. (AC +2) [potion of mutation]
  3689 | D:3      | Slain by Sigmund

Illustrated notes

Levels and vault maps discovered:
D:1:      dpeg_cavernosity, layout_loops_ring, serial_shops, shop,
          chequers_serial_rivers_micro_c
D:2:      layout_rooms, basic_ecumenical_altar, minmay_misc_feat_plants,
          st_stairs_8
D:3:      layout_basic, kennysheep_orc_sif_temple, kennysheep_cluttered_room,
          uniq_natasha, uniq_sigmund

Skill      XL: |  1  2  3  4  5 |
---------------+----------------+-----
Unarmed Combat | 4 |  4.0
Armour         | 1 2 |  2.4
Spellcasting   | 3 |  3.3
Short Blades   | 1 |  1.5
Transmutations | 3 |  3.2
Fighting       | |  1.6
Throwing       | |  0.3
Dodging        | |  2.8
Stealth        | |  0.4

Action                   |  1- 3 |  4- 6 || total
-------------------------+-------+-------++-------
Melee: Unarmed           |    48 |       ||    48
       Headbutt          |    10 |     8 ||    18
       Kick              |    13 |     9 ||    22
       Punch             |     1 |     1 ||     2
       Dagger            |    63 |    85 ||   148
Throw: Javelin           |       |     6 ||     6
 Cast: Beastly Appendage |    23 |    10 ||    33
       Wereblood         |       |     1 ||     1
 Abil: Hop               |       |     1 ||     1
  Use: Scroll            |     2 |     2 ||     4
       Potion            |       |     2 ||     2
Armor: Robe              |    15 |       ||    15
       Leather armour    |    13 |    18 ||    31
Dodge: Dodged            |    58 |    45 ||   103
